 Dungeon Crawl Stone Soup version 0.25-a0-167-g836c352ace (webtiles) character file.

Game seed: 16290574426762255521, levelgen mode: deterministic

145006 punishedtataru the Severer (level 16, -6/158 HPs)
             Began as a Minotaur Berserker on Nov 25, 2019.
             Was an Elder of Trog.
             Hit by a silver javelin thrown by a merfolk javelineer (19 damage)
             ... on level 4 of the Shoals.
             The game lasted 01:50:09 (34492 turns).

punishedtataru the Severer (Minotaur Berserker)    Turns: 34492, Time: 01:50:10

Health: -6/158     AC: 19    Str: 27    XL:     16   Next: 86%
Magic:  15/15      EV: 21    Int:  4    God:    Trog [****..]
Gold:   1089       SH:  0    Dex: 16    Spells: 15/15 levels left

rFire    + . .     SeeInvis .   b - +1 battleaxe (elec)
rCold    . . .     Gourm    .   (shield currently unavailable)
rNeg     . . .     Faith    .   V - +7 ring mail "Xeas" {Dex+4}
rPois    .         Spirit   .   B - +2 hat
rElec    .         Reflect  .   H - scarf {repulsion}
rCorr    .         Harm     .   M - +0 pair of gloves
MR       +++..                  (no boots)
Stlth    ..........             C - amulet of regeneration
HPRegen  1.76/turn              K - ring of protection from fire
MPRegen  0.14/turn              y - ring of flight

@: lethally poisoned (-6 -> -41), silence, berserk cooldown, regenerating,
slowed, repel missiles, very slow
A: retaliatory headbutt, horns 2
a: Renounce Religion, Evoke Flight


You were on level 4 of the Shoals.
You worshipped Trog.
Trog was greatly pleased with you.
You were hungry.

You visited 7 branches of the dungeon, and saw 31 of its levels.
You visited the Abyss 1 time.
You visited 1 bazaar.
You also visited: Bailey and Volcano.

You collected 2725 gold pieces.
You spent 1636 gold pieces at shops.

Inventory:

Hand Weapons
 b - a +1 battleaxe of electrocution (weapon)
 v - a +6 battleaxe
 E - a +2 executioner's axe of flaming
Armour
 h - a +0 ring mail of magic resistance
 B - a +2 hat (worn)
 F - a +1 plate armour of cold resistance
 H - a scarf of repulsion (worn)
 M - a +0 pair of gloves (worn)
 O - a +2 scale mail of poison resistance
 V - the +7 ring mail "Xeas" (worn) {Dex+4}
   (You found it on level 12 of the Dungeon)

   It affects your dexterity (+4).
Jewellery
 t - an uncursed ring of positive energy
 y - a ring of flight (right hand)
 C - an amulet of regeneration (around neck)
 K - a ring of protection from fire (left hand)
Wands
 e - a wand of enslavement (13)
 A - a wand of digging (2)
 D - a wand of iceblast (28)
 G - a wand of flame (54)
 I - a wand of random effects (10)
 S - a wand of disintegration (13)
 T - a wand of acid (28)
 Y - a wand of polymorph (29)
Scrolls
 d - 14 scrolls of remove curse
 f - 3 scrolls of magic mapping
 l - 6 scrolls of identify
 m - a scroll of summoning
 s - 3 scrolls of fog
 w - 8 scrolls of fear
 x - 3 scrolls of enchant armour
 N - 6 scrolls of teleportation
 R - 2 scrolls of blinking {unknown}
 W - a scroll of brand weapon
 X - 2 scrolls of enchant weapon
 Z - a scroll of silence
Potions
 g - a potion of magic
 i - 5 potions of flight
 j - 6 potions of curing
 k - a potion of agility
 n - 5 potions of heal wounds
 o - 4 potions of haste
 p - a potion of berserk rage
 q - 2 potions of brilliance
 u - a potion of invisibility
 z - 2 potions of resistance
 J - 2 potions of lignification
 P - 5 potions of mutation
 Q - 2 potions of might
 U - a potion of ambrosia
Comestibles
 a - 4 chunks of flesh
 c - 37 rations


   Skills:
 - Level 18.3 Fighting
 - Level 20.0 Axes
 + Level 16.9 Armour
 + Level 13.6 Dodging
   Level 4.0 Shields


You had 15 spell levels left.
You didn't know any spells.
Your spell library was empty.

Dungeon Overview and Level Annotations

Branches:
Dungeon (15/15)            Temple (1/1) D:7            Lair (6/6) D:9
 Shoals (4/4) Lair:4       Spider (2/4) Lair:4        Slime (0/5) Lair:6
    Orc (2/2) D:9          Vaults (0/5) D:13         Depths (1/5) D:15
 Bailey (visited)         Volcano (visited)
    Elf: Orc:2

Altars:
Cheibriados
Elyvilon
Hepliaklqana
Kikubaaqudgha
Makhleb
Nemelex Xobeh
Okawaru
Qazlal
Ru
Sif Muna
Trog
Uskayaw
Vehumet
Wu Jian
The Shining One
Beogh

Shops:
D:5 [   Orc:1 [   Orc:2 ?   Shoals:3 %?[

Annotations:
D:10 3 runed translucent doors, Aaksess's ghost, journeyman NaVM; Shinnjin's ghost, novice MiFi; ch1llma's ghost, novice HOMo; endorz's ghost, novice TrFi; iVAG's ghost, journeyman TeCj
Lair:1 exclusion: 2 oklob plants
Lair:2 exclusion: 2 oklob plants
Shoals:1 1 runed translucent door, MirrMurr's ghost, adept DsBe
Orc:1 2 transporters, Meonuisi's ghost, journeyman TrBe


Innate Abilities, Weirdness & Mutations

You reflexively headbutt those who attack you in melee.
You have a pair of horns on your head.


Message History

* * * LOW HITPOINT WARNING * * *
The merfolk javelineer throws a silver javelin.
The silver javelin is repelled.
There is an open door, spattered with blood here.
You see here a sea snake corpse.
Unknown command.
Unknown command.
Unknown command.
As you read the scroll of silence, it crumbles to dust.
A profound silence engulfs you.
* * * LOW HITPOINT WARNING * * *
You feel extremely sick.
The merfolk avatar's song is interrupted.
A merfolk aquamancer comes into view.
It is wielding a +0 rapier of electrocution.
The merfolk hits you from afar with a +0 trident!
* * * LOW HITPOINT WARNING * * *
The merfolk impaler misses you.
The merfolk javelineer throws a silver javelin.
The silver javelin pierces through you!!
You die...

≈≈≈≈≈≈≈≈≈≈≈≈≈≈≈≈≈≈
≈≈≈≈≈≈≈≈≈≈≈≈≈≈≈≈≈≈
≈≈≈#####≈≈≈≈≈≈≈≈≈≈
##.(.##≈≈≈≈≈≈≈≈≈
#.....#≈≈≈≈≈≈≈≈≈≈≈≈≈
#..=..#..≈≈≈≈≈≈≈≈≈≈≈
#..§.(#...≈≈≈≈≈≈≈≈≈≈ ≈
#((.##...≈.≈≈≈≈≈≈≈≈
≈≈≈.##@##...≈..≈≈≈≈≈≈≈≈
≈≈E..mmm)(......≈≈≈≈≈≈≈≈
#'##..mm........≈≈≈≈≈≈≈≈
##...(........≈≈≈.≈≈≈
#≈≈.......<(......≈≈
#≈≈≈.......##....≈≈≈
#≈≈≈.(.....####.....
#≈≈≈........##......
≈≈≈≈[...............


You could see a merfolk avatar, a merfolk impaler, 2 merfolk javelineers, a
merfolk and a water elemental.

Vanquished Creatures
  Louise (D:15)
  An entropy weaver (Lair:4)
  A stone giant (Orc:2)
  An entropy weaver (shapeshifter) (D:13)
  3 merfolk javelineers
  2 merfolk impalers (Shoals:3)
  Josephine (D:10)
  6 hydras
  5 merfolk aquamancers
  2 catoblepae
  2 centaur warriors
  2 merfolk avatars
  4 two-headed ogres
  3 satyrs
  2 tengu warriors
  Nergalle (D:12)
  2 skeletal warriors (Volcano)
  16 sea snakes
  2 unseen horrors
  A necromancer (D:15)
  A wizard (D:15)
  29 harpies
  3 anaconda skeletons (Volcano)
  8 wolf spiders
  4 orb spiders (Spider:1)
  An ugly thing (D:4)
  An orc sorcerer (D:15)
  A deep elf mage (D:15)
  9 manticores
  25 fauns
  The ghost of Burgietje the Skirmisher, a novice GrFi of Okawaru (D:4)
  5 cyclopes
  4 black mambas
  3 water nymphs
  7 merfolk sirens
  Psyche (D:12)
  A torpor snail (Lair:2)
  A naga mage (D:15)
  An eye of devastation (Lair:6)
  7 gargoyles
  4 kobold demonologists
  2 rime drakes
  7 demonic crawlers (Spider:1)
  6 spiny frogs
  An efreet (D:13)
  10 komodo dragons
  2 tengu conjurers
  5 yaktaurs (D:15)
  A freezing wraith (D:14)
  29 merfolk
  3 trolls
  18 jumping spiders
  4 polar bears (Lair:6)
  4 blink frogs (Lair:2)
  2 wind drakes
  7 hornets
  Grinder (D:5)
  A slime creature (D:15)
  A harpy skeleton (Volcano)
  2 meliai zombies
  12 snapping turtles
  16 hippogriffs
  10 dream sheep (Lair:6)
  2 centaur simulacra (D:15)
  3 flying skulls (Volcano)
  16 redbacks
  12 spriggans (Lair:6)
  A hungry ghost (D:11)
  Sigmund (D:2)
  3 wyverns
  4 wraiths
  5 tarantellas (Spider:1)
  A hog (shapeshifter) (D:13)
  5 basilisks
  A yak (shapeshifter) (D:13)
  35 yaks
  Eustachio (D:6)
  10 water elementals
  4 vampire mosquitoes (D:15)
  Edmund (D:6)
  2 soldier ants (D:13)
  2 hell hounds (Lair:1)
  2 acid dragons
  7 water moccasins
  3 ice beasts
  8 porcupines
  A hornet zombie (D:10)
  4 black bears
  26 orc warriors
  A sky beast (D:15)
  2 phantoms (D:8)
  4 eyes of draining
  5 ogres
  27 wolves
  5 boggarts (Lair:6)
  15 centaurs
  8 crocodiles
  2 big kobolds
  18 bullfrogs
  Blork the orc (D:6)
  2 gnoll sergeants
  A scorpion (D:11)
  A hornet simulacrum (D:15)
  8 wights (D:11)
  14 killer bees
  3 troll skeletons (Volcano)
  2 electric eels
  4 howler monkeys
  2 spriggan skeletons (Volcano)
  3 crimson imps
  2 centaur zombies
  3 bullfrog zombies
  A quasit (D:9)
  10 orc priests
  A bullfrog skeleton (D:10)
  3 centaur skeletons
  5 hounds
  18 orc wizards
  7 iguanas
  11 worker ants
  2 naga skeletons (Volcano)
  3 hound zombies
  2 hound skeletons
  2 worker ant zombies (D:5)
  7 gnolls
  8 adders
  4 shadow imps
  3 worms
  An adder skeleton (D:6)
  5 dart slugs
  6 leopard geckos
  98 orcs
  2 ball pythons
  8 giant cockroaches
  8 goblins
  5 hobgoblins (D:4)
  4 jackals
  21 kobolds
  4 quokkas
  7 bats
  3 frilled lizards
  A quokka skeleton (D:3)
  7 rats
  A bush (Lair:6)
  2 fungi
  16 plants
898 creatures vanquished.

Vanquished Creatures (collateral kills)
  Rupert (Lair:4)
  A sea snake (Shoals:4)
  A spriggan (Lair:6)
3 creatures vanquished.

Vanquished Creatures (others)
  A kobold (D:15)
  2 fungi
  21 plants
24 creatures vanquished.

Grand Total: 925 creatures vanquished

Notes
Turn   | Place    | Note
-------+----------+-------------------------------------------
     0 | D:1      | punishedtataru the Minotaur Berserker began the quest for
                  | the Orb.
     0 | D:1      | Reached XP level 1. HP: 19/19 MP: 0/0
   215 | D:1      | Reached skill level 4 in Axes
   223 | D:1      | Reached XP level 2. HP: 18/26 MP: 1/1
   678 | D:1      | Reached skill level 5 in Axes
   985 | D:2      | Reached XP level 3. HP: 17/31 MP: 2/2
  1256 | D:2      | Found an iron altar of Okawaru.
  1387 | D:2      | Noticed Sigmund
  1395 | D:2      | Killed Sigmund
  1395 | D:2      | Reached skill level 7 in Axes
  1395 | D:2      | Reached XP level 4. HP: 39/39 MP: 3/3
  1395 | D:2      | Reached XP level 5. HP: 45/45 MP: 4/4
  2089 | D:3      | Found a snail-covered altar of Cheibriados.
  2092 | D:3      | Reached ** piety under Trog
  2126 | D:3      | Reached skill level 8 in Axes
  2268 | D:3      | Reached XP level 6. HP: 52/52 MP: 5/5
  2497 | D:3      | Found a burning altar of Makhleb.
  2999 | D:4      | Reached skill level 5 in Fighting
  3740 | D:4      | Found a runed translucent door.
  3742 | D:4      | Noticed Burgietje's ghost (novice GrFi)
  3742 | D:4      | Noticed a red ugly thing
  3887 | D:5      | Entered Level 5 of the Dungeon
  3965 | D:5      | Noticed an ice beast
  3972 | D:5      | Killed an ice beast
  3972 | D:5      | Reached XP level 7. HP: 64/64 MP: 6/6
  4847 | D:5      | Found a glowing golden altar of the Shining One.
  4977 | D:5      | Reached *** piety under Trog
  5048 | D:5      | Found Rolemeamy's Antique Armour Emporium.
  5205 | D:6      | Reached XP level 8. HP: 34/78 MP: 7/7
  5517 | D:6      | Reached skill level 10 in Fighting
  5767 | D:6      | Noticed Grinder
  5782 | D:5      | Killed Grinder
  5947 | D:6      | Noticed Edmund
  6117 | D:6      | Killed Edmund
  6133 | D:6      | Reached skill level 5 in Armour
  6246 | D:6      | Noticed Blork the orc
  6360 | D:6      | Noticed Eustachio
  6380 | D:6      | Killed Eustachio
  6380 | D:6      | Reached skill level 1 in Shields
  6493 | D:6      | Killed Blork the orc
  6493 | D:6      | Reached XP level 9. HP: 89/89 MP: 8/8
  6672 | D:7      | Found a staircase to the Ecumenical Temple.
  7258 | D:7      | Found a hide-covered altar of Uskayaw.
  7258 | D:7      | Noticed a +0 hand axe
  7259 | D:7      | Noticed a +0 dagger
  7442 | Temple   | Entered the Ecumenical Temple
  7999 | D:8      | Found a shimmering blue altar of Sif Muna.
  8694 | D:9      | Found a sacrificial altar of Ru.
  8710 | D:9      | Noticed a two-headed ogre
  8727 | D:9      | Killed a two-headed ogre
  9028 | D:9      | Reached XP level 10. HP: 90/96 MP: 9/9
  9063 | D:9      | Reached skill level 10 in Armour
  9299 | D:9      | Reached skill level 9 in Axes
 10027 | D:9      | Reached **** piety under Trog
 10260 | D:9      | Identified the +11 dagger of Painful Death {pierce, SInv}
 10409 | D:9      | Found a staircase to the Lair.
 10608 | D:9      | Found a staircase to the Orcish Mines.
 10934 | D:10     | Entered Level 10 of the Dungeon
 11035 | D:10     | Noticed a two-headed ogre
 11124 | D:10     | Killed a two-headed ogre
 11124 | D:10     | Reached skill level 10 in Axes
 11245 | D:10     | Found a runed translucent gate.
 11245 | D:10     | Found a runed translucent gate.
 11245 | D:10     | Found a runed translucent gate.
 11248 | D:10     | Noticed ch1llma's ghost (novice HOMo)
 11248 | D:10     | Noticed Aaksess's ghost (journeyman NaVM)
 11249 | D:10     | Noticed iVAG's ghost (journeyman TeCj)
 11249 | D:10     | Noticed Shinnjin's ghost (novice MiFi)
 11250 | D:10     | Noticed endorz's ghost (novice TrFi)
 11425 | D:10     | Noticed Josephine
 11443 | D:10     | Killed Josephine
 11449 | D:10     | Reached skill level 11 in Axes
 11453 | D:10     | Reached XP level 11. HP: 107/107 MP: 10/10
 11948 | D:11     | Noticed an eight-headed hydra
 12140 | Lair:1   | Entered Level 1 of the Lair of Beasts
 12221 | Lair:1   | Found a dark tunnel.
 12223 | Lair:1   | Reached skill level 12 in Axes
 12241 | Volcano  | Entered a volcano
 12316 | Volcano  | Reached skill level 13 in Axes
 12417 | Volcano  | Noticed a skeletal warrior
 12435 | Volcano  | Killed a skeletal warrior
 12435 | Volcano  | Reached skill level 14 in Axes
 12617 | Volcano  | Noticed a skeletal warrior
 12623 | Volcano  | Killed a skeletal warrior
 13158 | Lair:1   | Reached skill level 15 in Axes
 13562 | Lair:1   | Noticed an oklob plant
 13562 | Lair:1   | Noticed an oklob plant
 13701 | D:4      | Killed a red ugly thing
 13701 | D:4      | Reached XP level 12. HP: 115/115 MP: 11/11
 13709 | D:4      | Killed Burgietje's ghost
 14171 | Lair:2   | Reached skill level 16 in Axes
 14192 | Lair:2   | Noticed a six-headed hydra
 14201 | Lair:2   | Killed an eight-headed hydra
 14977 | Lair:3   | Reached skill level 17 in Axes
 15706 | Lair:4   | Noticed a seven-headed hydra
 15718 | Lair:4   | Killed a ten-headed hydra
 15873 | Lair:4   | Found a hole to the Spider Nest.
 16069 | Lair:4   | Noticed Rupert
 16096 | Lair:4   | Killed Rupert
 16096 | Lair:4   | Reached skill level 15 in Fighting
 16746 | Lair:4   | Found a staircase to the Shoals.
 16996 | Lair:5   | Reached XP level 13. HP: 126/127 MP: 12/12
 17666 | Lair:6   | Entered Level 6 of the Lair of Beasts
 17811 | Lair:6   | Found a staircase to the Slime Pits.
 18008 | Lair:6   | Reached skill level 5 in Dodging
 18260 | Orc:1    | Entered Level 1 of the Orcish Mines
 18395 | Orc:1    | Found Yvyzxu's Antique Armour Emporium.
 18407 | Orc:1    | Noticed Meonuisi's ghost (journeyman TrBe)
 18408 | Orc:1    | Found a transporter.
 18408 | Orc:1    | Identified the cursed +1 dire flail "Tiekad" {crush, rC+
                  | Int+4 SInv}
 18411 | Orc:1    | Found a transporter.
 18478 | Orc:2    | Entered Level 2 of the Orcish Mines
 18481 | Orc:2    | Found Lyfouf's Magic Scroll Boutique.
 18605 | Orc:2    | Bought a scroll of magic mapping for 56 gold pieces
 18605 | Orc:2    | Bought a scroll of fear for 56 gold pieces
 18605 | Orc:2    | Bought a scroll of teleportation for 48 gold pieces
 18605 | Orc:2    | Bought a scroll of teleportation for 48 gold pieces
 18646 | Orc:2    | Found a roughly hewn altar of Beogh.
 18697 | Orc:2    | Noticed a stone giant
 18738 | Orc:2    | Killed a stone giant
 20097 | Lair:6   | Reached XP level 14. HP: 112/137 MP: 13/13
 21541 | D:12     | Noticed Nergalle
 21608 | D:12     | Killed Nergalle
 21866 | D:12     | Noticed Psyche
 21873 | D:12     | Cast into level 2 of the Abyss (Psyche)
 21901 | D:12     | Escaped the Abyss
 21910 | D:12     | Killed Psyche
 22111 | D:12     | Got an amethyst-encrusted ring mail
 22112 | D:12     | Identified the +7 ring mail "Xeas" {Dex+4} (You found it on
                  | level 12 of the Dungeon)
 22377 | D:13     | Noticed an entropy weaver
 22377 | D:13     | an alligator changed into an entropy weaver
 22382 | D:13     | Killed an entropy weaver
 22757 | D:13     | Found a gate to the Vaults.
 23491 | D:14     | Found a flagged portal.
 23501 | D:14     | Reached skill level 10 in Dodging
 23546 | Bailey   | Entered a bailey
 23576 | Bailey   | Reached ***** piety under Trog
 23855 | Bailey   | Received a gift from Trog
 23947 | Bailey   | Reached skill level 18 in Axes
 24449 | D:14     | Found an ornate altar of the Wu Jian Council.
 24668 | D:14     | Identified a scroll of acquirement
 24944 | D:15     | Entered Level 15 of the Dungeon
 25251 | D:15     | Found a staircase to the Depths.
 25261 | D:15     | Reached skill level 19 in Axes
 25691 | D:15     | Noticed Louise
 25700 | D:15     | Killed Louise
 25700 | D:15     | Reached XP level 15. HP: 144/144 MP: 12/14
 26156 | Depths:1 | Entered Level 1 of the Depths
 26156 | Depths:1 | Noticed a frost giant
 26468 | Spider:1 | Entered Level 1 of the Spider Nest
 26620 | Lair:4   | Received a gift from Trog
 26977 | Lair:4   | Reached skill level 20 in Axes
 28803 | Shoals:1 | Entered Level 1 of the Shoals
 29173 | Shoals:1 | Received a gift from Trog
 29763 | Shoals:1 | Found a runed translucent door.
 29765 | Shoals:1 | Noticed MirrMurr's ghost (adept DsBe)
 31522 | Shoals:3 | Found Efuilimo's Armour Emporium.
 31539 | Shoals:3 | Reached XP level 16. HP: 53/158 MP: 15/15
 31915 | Shoals:3 | Found Meomehia's Magic Scroll Emporium.
 32113 | Shoals:3 | Found a flickering gateway to a bazaar.
 32122 | Bazaar   | Entered a bazaar
 32123 | Bazaar   | Found Denef's Gadget Emporium.
 32123 | Bazaar   | Found Loirieq's Book Emporium.
 32124 | Bazaar   | Found Vemamm's Distillery.
 32141 | Bazaar   | Bought 2 potions of curing for 60 gold pieces
 32141 | Bazaar   | Bought a potion of haste for 100 gold pieces
 32141 | Bazaar   | Bought a potion of heal wounds for 50 gold pieces
 32155 | Bazaar   | Found Siedgh's Magic Scroll Boutique.
 32163 | Bazaar   | Bought a scroll of brand weapon for 200 gold pieces
 32163 | Bazaar   | Bought a scroll of acquirement for 520 gold pieces
 32213 | Bazaar   | Bought a scroll of enchant armour for 75 gold pieces
 32213 | Bazaar   | Bought a scroll of identify for 20 gold pieces
 32213 | Bazaar   | Bought a scroll of identify for 20 gold pieces
 32213 | Bazaar   | Bought a scroll of fear for 35 gold pieces
 32213 | Bazaar   | Bought a scroll of silence for 75 gold pieces
 32239 | Shoals:3 | Reached skill level 15 in Armour
 33236 | Shoals:3 | Received a gift from Trog
 33250 | Shoals:3 | Bought a scroll of silence for 105 gold pieces
 33250 | Shoals:3 | Bought a scroll of teleportation for 42 gold pieces
 33250 | Shoals:3 | Bought a scroll of teleportation for 42 gold pieces
 33250 | Shoals:3 | Bought 3 scrolls of identify for 84 gold pieces
 33283 | Shoals:3 | Found Pahom's Food Shoppe.
 33400 | Shoals:4 | Entered Level 4 of the Shoals
 34492 | Shoals:4 | Hit by a silver javelin thrown by a merfolk javelineer

Levels and vault maps discovered:
D:1:      dpeg_arrival_water_temple_mockup, layout_basic, minmay_cut_off
D:2:      layout_basic, okawaru_ov_weapons_minmay, first_ration,
          hangedman_decor_points, kennysheep_generic_room_13, uniq_sigmund
D:3:      layout_loops_ring, kennysheep_slug_shrine,
          nicolae_overflow_crystal_walls
D:4:      cheibrodos_greedy_goblins, layout_cave_pods,
          ebering_ghost_inner_flame, serial_bayou, serial_bayou_pond_a,
          serial_bayou_shore_a, serial_bayou_pond_a, serial_bayou_pond_a,
          minivault_25
D:5:      layout_loops_ring, kennysheep_little_box, serial_shops,
          kennysheep_mini, hangedman_decor_clover_reticule
D:6:      layout_cave_pools, uniq_blork_the_orc, uniq_edmund, uniq_eustachio,
          uniq_grinder
D:7:      layout_basic, dancing_weapons_uskayaw, minmay_temple_entry_slanted
D:8:      layout_rooms, lemuel_coloured_pillars_altar
D:9:      layout_basic, nicolae_ru_sacrificial_ziggurat, david_lair_shrubbed,
          erik_orc_2
D:10:     layout_rooms, gammafunk_ghost_cemetery, uniq_josephine
D:11:     layout_basic
D:12:     layout_basic, uniq_nergalle, uniq_psyche
D:13:     layout_basic, david_vaults_2, hangedman_pestilent_swarm,
          wad_woods_river_04
D:14:     layout_small_grid, basic_altar, moated_statue, enter_bailey_2
D:15:     grunt_enter_depths_magical_seal, layout_long_grid,
          hangedman_decor_riveting, uniq_louise
Temple:   eino_wide_crystal_templ
Lair:1:   layout_chaotic_city, enter_volcano_3, serial_bayou_pond_a,
          grunt_forest_stairs_basic, lemuel_fruit_tree,
          minmay_lair_oklob_chamber
Lair:2:   layout_regular_city, minmay_lair_oklob_bushes, grunt_megastairs_5
Lair:3:   layout_cave_pods
Lair:4:   layout_gridlike, minmay_shoals_entry_lonely_mermaid,
          spider_nest_entry_a, uniq_rupert
Lair:5:   layout_cave_pods, grunt_megastairs_1
Lair:6:   minmay_lair_end_enchanted_forest, layout_long_grid,
          minmay_slime_entry_eyes, infiniplex_staircase_pool, grunt_megastairs_2
Shoals:1: layout_shoals, ebering_ghost_inner_flame
Shoals:2: layout_shoals
Shoals:3: cheibrodos_shoals_three_sisters, layout_shoals, serial_shops,
          bzr_entry_customers, shop, nicolae_shop_crystal,
          nicolae_shop_behind_doors
Shoals:4: shoals_end_simple, layout_shoals
Spider:1: layout_chambers
Spider:2: layout_spider_delve, nicolae_spider_circle_web, uniq_roxanne
Orc:1:    layout_caves, gammafunk_ghost_smash, serial_shops, shop,
          trog_butcher_becter
Orc:2:    st_orc_town, layout_caves, serial_shops, shop_scrolls, basic_altar,
          rock_pile
Depths:1: layout_cave_pools, serial_bayou_pond_b, hell_entry,
          minmay_mirror_moons_of_madness, serial_bayou_shore_b

Skill      XL: |  1  2  3  4  5  6  7  8  9 10 11 12 13 14 15 16 |
---------------+-------------------------------------------------+-----
Axes           | 4 5 7 8 11 15 17 19 20 | 20.0
Fighting       | 4 6 9 11 13 15 16 18 | 18.3
Armour         | 6 9 10 13 14 16 | 16.9
Shields        | 1 4 |  4.0
Dodging        | 8 10 11 13 | 13.6

Action                   |  1- 3 |  4- 6 |  7- 9 | 10-12 | 13-15 | 16-18 || total
-------------------------+-------+-------+-------+-------+-------+-------++-------
Melee: Hand axe          |    56 |   132 |   288 |   293 |       |       ||   769
       Headbutt          |     7 |    23 |    70 |   139 |   232 |    53 ||   524
       Battleaxe         |       |       |       |   284 |   722 |    99 ||  1105
       Executioner's axe |       |       |       |       |   325 |   164 ||   489
Invok: Berserk           |     1 |     1 |     8 |    21 |    20 |     9 ||    60
       Trog's Hand       |       |     1 |     5 |    20 |    31 |    12 ||    69
       Brothers in Arms  |       |       |       |     2 |     1 |     1 ||     4
 Abil: Evoke Flight      |       |       |       |     1 |    23 |    15 ||    39
Evoke: Wand              |       |       |     1 |    17 |    23 |     3 ||    44
  Use: Scroll            |       |       |       |    24 |    15 |     5 ||    44
       Potion            |       |       |       |     4 |     4 |     2 ||    10
 Stab: Distracted        |       |       |       |     1 |       |       ||     1
       Petrified         |       |       |       |       |     3 |       ||     3
  Eat: Chunk             |     1 |     9 |    17 |    34 |    42 |    18 ||   121
       Ration            |       |       |     3 |     6 |    11 |     2 ||    22
Armor: Animal skin       |     5 |       |       |       |       |       ||     5
       Ring mail         |     4 |    36 |    43 |       |   197 |   120 ||   400
       Plate armour      |       |       |    19 |   229 |   265 |       ||   513
       Scale mail        |       |       |       |       |   130 |       ||   130
Dodge: Dodged            |    40 |    62 |   115 |   173 |   880 |   380 ||  1650
       Deflected         |       |       |     2 |     4 |    48 |    30 ||    84
Block: Buckler           |       |       |     9 |    35 |       |       ||    44

Table legend:
 A = Non-vault XP
 B = Vault XP
 C = Vault XP percentage of total XP
 D = Non-vault monster count
 E = Vault monster count
 F = Vault count percentage of total count
                 A         B        C        D         E       F
            +---------+---------+-------+---------+---------+-------
      Total |  156398 |   50754 |  24.5 |     669 |     213 |  24.1
            +---------+---------+-------+---------+---------+-------
        D:1 |      29 |       7 |  19.4 |      13 |       4 |  23.5
        D:2 |      80 |     219 |  73.2 |      17 |       3 |  15.0
        D:3 |     147 |       4 |   2.6 |      24 |       1 |   4.0
        D:4 |     129 |    1119 |  89.7 |       7 |      11 |  61.1
        D:5 |     759 |     272 |  26.4 |      18 |       1 |   5.3
        D:6 |     759 |     454 |  37.4 |      21 |       3 |  12.5
        D:7 |     604 |       0 |   0.0 |      14 |       0 |   0.0
        D:8 |     405 |       0 |   0.0 |      10 |       0 |   0.0
        D:9 |    2482 |    1163 |  31.9 |      39 |      22 |  36.1
       D:10 |    1981 |    1722 |  46.5 |      20 |       4 |  16.7
       D:11 |    3364 |       0 |   0.0 |      35 |       0 |   0.0
       D:12 |    6072 |    1239 |  16.9 |      32 |       2 |   5.9
       D:13 |    4972 |    2679 |  35.0 |      24 |       7 |  22.6
       D:14 |    4845 |       0 |   0.0 |      21 |       0 |   0.0
       D:15 |    9430 |    5259 |  35.8 |      39 |      10 |  20.4
     Lair:1 |    1707 |    1036 |  37.8 |       7 |       4 |  36.4
     Lair:2 |    5945 |     199 |   3.2 |      20 |       1 |   4.8
     Lair:3 |     775 |       0 |   0.0 |       6 |       0 |   0.0
     Lair:4 |    8304 |    2981 |  26.4 |      27 |       4 |  12.9
     Lair:5 |    3641 |     344 |   8.6 |      13 |       3 |  18.8
     Lair:6 |    9336 |   11019 |  54.1 |      43 |      51 |  54.3
   Shoals:1 |   11915 |       0 |   0.0 |      28 |       0 |   0.0
   Shoals:2 |   19102 |       0 |   0.0 |      36 |       0 |   0.0
   Shoals:3 |   17837 |    8425 |  32.1 |      36 |      11 |  23.4
   Shoals:4 |   22268 |    3498 |  13.6 |      43 |       7 |  14.0
   Spider:1 |   16699 |       0 |   0.0 |      50 |       0 |   0.0
   Spider:2 |     488 |       0 |   0.0 |       2 |       0 |   0.0
      Orc:1 |     300 |       0 |   0.0 |       6 |       0 |   0.0
      Orc:2 |    2023 |      93 |   4.4 |      18 |       4 |  18.2
     Bailey |       0 |    2304 | 100.0 |       0 |      39 | 100.0
    Volcano |       0 |    6718 | 100.0 |       0 |      21 | 100.0
            +---------+---------+-------+---------+---------+-------
